 Dungeon Crawl Stone Soup version 0.21-a0-400-g417d9d2 (webtiles) character file.

70 Kavrick the Shield-Bearer (level 4, -1/37 HPs)
             Began as a Formicid Fighter on Oct 20, 2017.
             Killed by nerve-wracking pain
             ... invoked by Grinder
              (12 damage)
             ... on level 3 of the Dungeon.
             The game lasted 00:04:15 (1812 turns).

Kavrick the Shield-Bearer (Formicid Fighter)        Turns: 1812, Time: 00:04:15

Health: -1/37      AC:  7    Str: 22    XL:     4   Next: 44%
Magic:  4/4        EV:  8    Int:  7    God:
Gold:   110        SH:  9    Dex: 10    Spells: 3/3 levels left

rFire    . . .     SeeInvis +   a - +0 flail
rCold    . . .     Gourm    .   c - +0 shield
rNeg     . . .     Faith    .   b - +0 scale mail
rPois    .         Spirit   .   (helmet unavailable)
rElec    .         Reflect  .   (no cloak)
rCorr    .         Harm     .   (no gloves)
MR       .....                  (no boots)
Stlth    ..........             (no amulet)
HPRegen  0.12/turn              (no ring)
MPRegen  0.09/turn              (no ring)

@: no status effects
A: permanent stasis, dig shafts and tunnels, four strong arms, antennae 3
a: Dig, Shaft Self


You were on level 3 of the Dungeon.
You were not hungry.

You visited 1 branch of the dungeon, and saw 3 of its levels.

You collected 110 gold pieces.

Inventory:

Hand Weapons
 a - a +0 flail (weapon)
Armour
 b - a +0 scale mail (worn)
 c - a +0 shield (worn)
Scrolls
 e - 2 scrolls of blinking {unknown}
 h - 2 scrolls of recharging {unknown}
 j - a scroll of fear {unknown}
 k - 4 scrolls of identify {unknown}
 l - a scroll of teleportation {unknown}
 m - a scroll of random uselessness {unknown}
 o - a scroll of immolation {unknown}
 p - a scroll of noise {unknown}
Potions
 d - a potion of might
 i - a potion of invisibility {unknown}
 n - a potion of haste {unknown}
Comestibles
 f - a bread ration
 g - 3 chunks of flesh


   Skills:
 + Level 3.8 Fighting
 * Level 3.1 Maces & Flails
 + Level 3.8 Armour
 + Level 4.1 Shields


You had 3 spell levels left.
You didn't know any spells.

Dungeon Overview and Level Annotations

Branches:
Dungeon (3/15)

Altars:

Annotations:
D:3 Grinder


Innate Abilities, Weirdness & Mutations

You cannot be hasted, slowed, berserked, paralysed or teleported.
You can dig through walls and to a lower floor.
Your four strong arms can wield two-handed weapons with a shield.
You have a pair of large antennae on your head. (SInv)


Message History

You block Grinder's attack.
You closely miss Grinder.
Grinder is moderately wounded.
Grinder hits you!
You writhe in agony.
You are too injured to fight recklessly!
You thump Grinder!
Grinder is moderately wounded.
Grinder gestures at you.
Your stasis prevents you from being paralysed.
You closely miss Grinder.
Grinder is moderately wounded.
Grinder rolls her eyes.
Grinder hits you but does no damage. Grinder hits you.
* * * LOW HITPOINT WARNING * * *
Press: ? - help, v - describe, . - travel
Here: Grinder (moderately wounded)
The floor.
Grinder gestures at you. Pain shoots through your body!
You die...

### ..# #.# #.# #.#
#########.##
##..........######
........##.......#
.#.####.##@#####.#
..#.####.##.#####.#
..........5....##.#
....####.##.##.##.#
. #).).# ##.#
#.##### #.#
#.#####.##.###
..##.........#
.............#


You could see Grinder.

Vanquished Creatures
  An adder (D:2)
  An ooze (D:3)
  3 worms (D:2)
  A dart slug (D:3)
  3 giant cockroaches
  4 goblins
  4 hobgoblins
  7 jackals (D:2)
  A quokka (D:3)
  5 bats
  3 frilled lizards
  4 kobolds
  8 rats
45 creatures vanquished.

Notes
Turn   | Place    | Note
-------+----------+-------------------------------------------
     0 | D:1      | Kavrick the Formicid Fighter began the quest for the Orb.
     0 | D:1      | Reached XP level 1. HP: 18/18 MP: 1/1
   205 | D:1      | Reached XP level 2. HP: 24/24 MP: 2/2
   850 | D:2      | Reached XP level 3. HP: 28/29 MP: 3/3
   972 | D:2      | Reached skill level 4 in Shields
  1461 | D:2      | Reached XP level 4. HP: 37/37 MP: 4/4
  1792 | D:3      | Noticed Grinder
  1812 | D:3      | Killed from afar by Grinder

Vault maps used:
D:1:      minmay_arrival_three_doors, st_stairs_11
D:3:      chequers_temple_overflow_statue_of_worship, uniq_grinder

Skill      XL: |  1  2  3 |
---------------+----------+-----
Shields        | 4 |  4.1
Maces & Flails | 3 |  3.1
Fighting       | |  3.8
Armour         | |  3.8

Action                   |  1- 3 |  4- 6 || total
-------------------------+-------+-------++-------
Melee: Flail             |   119 |    29 ||   148
  Eat: Chunk             |     2 |     1 ||     3
Armor: Scale mail        |    54 |     8 ||    62
Dodge: Dodged            |    30 |    10 ||    40
Block: Shield            |    73 |    10 ||    83

Table legend:
 A = Spawn XP
 B = Non-spawn XP
 C = Spawn XP percentage of total XP
 D = Spawn monster count
 E = Non-spawn monster count
 F = Spawn count percentage of total count
 G = Total turns spent on level
                    A         B        C        D         E        F      G
               +---------+---------+-------+---------+---------+-------+---------
         Total |       0 |     100 |   0.0 |       0 |      45 |   0.0 |  1812
               +---------+---------+-------+---------+---------+-------+---------
           D:1 |       0 |      21 |   0.0 |       0 |      16 |   0.0 |   776
           D:2 |       0 |      59 |   0.0 |       0 |      22 |   0.0 |   874
           D:3 |       0 |      20 |   0.0 |       0 |       7 |   0.0 |   162
               +---------+---------+-------+---------+---------+-------+---------
